 Dungeon Sprint DCSS version 0.23-a0-171-g5ae17c6 (webtiles) character file.

1509 Fang the Fighter (level 8, 0/62 HPs)
             Began as a Gargoyle Berserker on Sept 14, 2018.
             Was a High Priest of Trog.
             Slain by a two-headed ogre
             ... wielding a +0 giant spiked club
              (9 damage)
             ... in the Dungeon (Sprint IX: "|||||||||||||||||||||||||||||").
             The game lasted 00:01:17 (397 turns).

Fang the Fighter (Gargoyle Berserker)                Turns: 397, Time: 00:01:18

Health: 0/62       AC: 15    Str: 24    XL:     8   Next: 82%
Magic:  8/8        EV: 14    Int: 10    God:    Trog [*****.]
Gold:   0          SH:  0    Dex: 12    Spells: 7/7 levels left

rFire    . . .     SeeInvis +   n - +3 war axe "Hydraslayer" {freeze, rN+ SInv}
rCold    . . .     Gourm    .   (no shield)
rNeg     + + .     Faith    .   q - +2 ring mail
rPois    ∞         Spirit   .   b - +0 helmet
rElec    +         Reflect  .   (no cloak)
rCorr    .         Harm     .   (no gloves)
MR       .....     NoTele   +   (no boots)
Stlth    +.........             (no amulet)
HPRegen  0.20/turn              o - +3 ring of intelligence
MPRegen  0.11/turn              p - +3 ring of dexterity

@: berserk cooldown, slowed, very slow
A: negative energy resistance 1, electricity resistance, unbreathing,
petrification resistance, rot immunity, AC +5
a: Berserk, Trog's Hand, Brothers in Arms, Renounce Religion


You were in the Dungeon.
You worshipped Trog.
Trog was extremely pleased with you.
You were very hungry.

You visited 1 branch

Inventory:

Hand Weapons
 a - a +0 hand axe
 n - the +3 war axe "Hydraslayer" (weapon) {freeze, rN+ SInv}
   (You found it in the Dungeon)

   It has been specially enchanted to freeze those struck by it, causing extra
   injury to most foes and up to half again as much damage against particularly
   susceptible opponents.
   It can also slow down cold-blooded creatures.
   It protects you from negative energy.
   It lets you see invisible.
Armour
 b - a +0 helmet (worn)
 q - a +2 ring mail (worn)
Jewellery
 o - a +3 ring of intelligence (left hand)
 p - a +3 ring of dexterity (right hand)
Wands
 m - a wand of acid (10)
Scrolls
 i - 2 scrolls of blinking
 l - 3 scrolls of remove curse
Potions
 d - 5 potions of curing
 e - a potion of heal wounds
 f - a potion of haste
 g - 4 potions of magic
 h - a potion of berserk rage
 k - a potion of invisibility
Comestibles
 c - a ration
 j - 3 chunks of flesh


   Skills:
 + Level 12.5 Fighting
 + Level 11.8 Axes
 + Level 5.9 Armour
 + Level 6.3 Dodging


You had 7 spell levels left.
You didn't know any spells.
Your spell library was empty.

Dungeon Overview and Level Annotations

Branches:
Dungeon (1/1)

Altars:
Cheibriados
Dithmenos
Elyvilon
Fedhas
Gozag
Hepliaklqana
Kikubaaqudgha
Makhleb
Nemelex Xobeh
Okawaru
Qazlal
Ru
Sif Muna
Trog
Uskayaw
Vehumet
Wu Jian
Xom
Yredelemnul
Zin
The Shining One
Beogh
Jiyva
Lugonu


Innate Abilities, Weirdness & Mutations

You are resistant to torment.
Your stone body is resilient. (AC +5)
You are immune to poison.
You resist negative energy. (rN+)
You are resistant to electric shocks. (rElec)
You can survive without breathing.
You are immune to petrification.
You are immune to rotting.


Message History

Unknown command.
You hit the two-headed ogre. You freeze the two-headed ogre.
The two-headed ogre is heavily wounded.
The two-headed ogre hits you with a giant spiked club!
* * * LOW HITPOINT WARNING * * *
The two-headed ogre hits you with a giant spiked club!
* * * LOW HITPOINT WARNING * * *
Unknown command.
You slash the two-headed ogre! You freeze the two-headed ogre.
The two-headed ogre is severely wounded.
The two-headed ogre completely misses you.
The two-headed ogre hits you with a giant spiked club.
* * * LOW HITPOINT WARNING * * *
Unknown command.
Unknown command.
You feel much better.
The two-headed ogre hits you with a giant spiked club!!
* * * LOW HITPOINT WARNING * * *
The two-headed ogre hits you with a giant spiked club!
You die... ▓▓▓▓▓▓▓▓▓▓▓▓▓▓▓▓▓▓▓▓▓▓▓▓ +....oO@)....)†..[[.)|?. ▓▓▓▓▓▓▓▓▓▓▓▓▓▓▓▓▓▓▓▓▓▓▓▓

You could see a two-headed ogre and an orc warrior.

Vanquished Creatures
  An orb spider (shapeshifter) (D)
  An ugly thing (D)
  A slime creature (D)
  A hippogriff (D)
  A black bear (D)
  An ogre (D)
  A bullfrog (D)
  3 hounds (D)
  2 adders (D)
  A bat skeleton (D)
  A giant cockroach (D)
  A hobgoblin (D)
  A quokka (D)
  A ball python (D)
  3 rats (D)
20 creatures vanquished.

Notes
Turn   | Place    | Note
-------+----------+-------------------------------------------
     0 | D        | Fang the Gargoyle Berserker began the quest for the Orb.
     0 | D        | Reached XP level 1. HP: 14/14 MP: 1/1
    18 | D        | Reached ** piety under Trog
   132 | D        | Noticed a hound
   132 | D        | Noticed a hound
   135 | D        | Killed a hound
   135 | D        | Reached skill level 5 in Fighting
   135 | D        | Reached XP level 2. HP: 21/21 MP: 2/2
   135 | D        | Reached XP level 3. HP: 26/26 MP: 3/3
   136 | D        | Reached *** piety under Trog
   150 | D        | Reached skill level 6 in Fighting
   150 | D        | Reached skill level 5 in Axes
   150 | D        | Reached XP level 4. HP: 32/32 MP: 4/4
   224 | D        | Found a roughly hewn altar of Beogh.
   224 | D        | Found a snail-covered altar of Cheibriados.
   224 | D        | Found a shadowy altar of Dithmenos.
   224 | D        | Found a white marble altar of Elyvilon.
   224 | D        | Found a blossoming altar of Fedhas.
   224 | D        | Found an opulent altar of Gozag.
   225 | D        | Found a hazy altar of Hepliaklqana.
   226 | D        | Found a viscous altar of Jiyva.
   227 | D        | Found an ancient bone altar of Kikubaaqudgha.
   228 | D        | Found a corrupted altar of Lugonu.
   229 | D        | Found a burning altar of Makhleb.
   230 | D        | Found a sparkling altar of Nemelex Xobeh.
   231 | D        | Found an iron altar of Okawaru.
   232 | D        | Found a stormy altar of Qazlal.
   233 | D        | Found a sacrificial altar of Ru.
   234 | D        | Found a deep blue altar of Sif Muna.
   235 | D        | Found a bloodstained altar of Trog.
   236 | D        | Found a hide-covered altar of Uskayaw.
   237 | D        | Found a radiant altar of Vehumet.
   238 | D        | Found an ornate altar of the Wu Jian Council.
   239 | D        | Found a shimmering altar of Xom.
   240 | D        | Found a basalt altar of Yredelemnul.
   241 | D        | Found a glowing silver altar of Zin.
   242 | D        | Found a glowing golden altar of the Shining One.
   259 | D        | Got the +3 war axe "Hydraslayer" {freeze, rN+ SInv}
   302 | D        | Noticed a black bear
   302 | D        | Noticed an ogre
   302 | D        | Noticed a hippogriff
   305 | D        | Killed a hippogriff
   305 | D        | Reached **** piety under Trog
   305 | D        | Reached skill level 8 in Fighting
   305 | D        | Reached XP level 5. HP: 40/40 MP: 5/5
   305 | D        | Reached XP level 6. HP: 45/45 MP: 6/6
   307 | D        | Reached skill level 9 in Fighting
   308 | D        | Killed a black bear
   308 | D        | Reached skill level 10 in Fighting
   312 | D        | Reached skill level 5 in Armour
   312 | D        | Reached XP level 7. HP: 52/52 MP: 7/7
   317 | D        | Reached ***** piety under Trog
   373 | D        | Noticed a two-headed ogre
   373 | D        | Noticed an orb spider
   373 | D        | Noticed a slime creature
   373 | D        | Noticed a white ugly thing
   378 | D        | Killed a white ugly thing
   378 | D        | Received a gift from Trog
   378 | D        | Reached skill level 11 in Fighting
   378 | D        | Reached skill level 10 in Axes
   378 | D        | Reached skill level 5 in Dodging
   382 | D        | Killed a slime creature
   382 | D        | Reached XP level 8. HP: 60/60 MP: 8/8
   391 | D        | Killed an orb spider
   391 | D        | Reached skill level 12 in Fighting
   396 | D        | HP: 2/62 [two-headed ogre/giant spiked club (6)]
   397 | D        | Slain by a two-headed ogre

Vault maps used:
D:        linesprint

Skill      XL: |  1  2  3  4  5  6  7  8 |
---------------+-------------------------+-----
Axes           | 4 5 7 9 10 11 | 11.8
Fighting       | 5 6 8 10 11 12 | 12.5
Armour         | 3 4 5 |  5.9
Dodging        | 2 4 5 6 |  6.3

Action                   |  1- 3 |  4- 6 |  7- 9 || total
-------------------------+-------+-------+-------++-------
Melee: Hand axe          |    33 |       |       ||    33
       War axe           |       |     7 |    25 ||    32
Invok: Berserk           |     1 |     1 |     1 ||     3
  Use: Potion            |       |       |     2 ||     2
Armor: Animal skin       |     8 |       |       ||     8
       Ring mail         |       |     2 |     6 ||     8
Dodge: Dodged            |    12 |     7 |    10 ||    29

Table legend:
 A = Non-vault XP
 B = Vault XP
 C = Vault XP percentage of total XP
 D = Non-vault monster count
 E = Vault monster count
 F = Vault count percentage of total count
                 A         B        C        D         E       F
            +---------+---------+-------+---------+---------+-------
      Total |       0 |    2156 | 100.0 |       0 |      20 | 100.0
            +---------+---------+-------+---------+---------+-------
          D |       0 |    2156 | 100.0 |       0 |      20 | 100.0
            +---------+---------+-------+---------+---------+-------
